 Dungeon Crawl Stone Soup version 0.29.1-4-g47bece8355 (webtiles) character file.

Game seed: 9715217284305354307

609 sanboga the Caller (level 7, 0/50 HPs)
             Began as a Black Draconian Summoner on Dec 8, 2022.
             Slain by a gnoll
             ... wielding a +3 halberd
             ... led by a gnoll bouda
              (13 damage)
             ... on level 5 of the Dungeon.
             The game lasted 00:10:56 (4578 turns).

sanboga the Caller (Black Draconian Summoner)       Turns: 4578, Time: 00:10:56

Health: 0/50       AC:  7    Str: 10    XL:     7   Next: 19%
Magic:  4/13       EV: 13    Int: 17    God:
Gold:   210        SH:  0    Dex: 12    Spells: 5/14 levels left

rFire   . . .      SeeInvis .   b - +0 dagger (venom)
rCold   . . .      Faith    .   (no shield)
rNeg    . . .      Spirit   .   (body armour unavailable)
rPois   .          Reflect  .   (helmet restricted)
rElec   +          Harm     .   (no cloak)
rCorr   .          Rampage  .   (no gloves)
Will    .....                   o - +0 pair of boots
Stlth   ++........              (no amulet)
HPRegen 0.16/turn               c - ring of flight
MPRegen 0.13/turn               (no ring)

@: flying
A: breathe lightning, AC +6, unfitting armour, electricity resistance,
cold-blooded
a: Breathe Lightning


You were on level 5 of the Dungeon.
You visited 1 branch of the dungeon, and saw 6 of its levels.

You collected 210 gold pieces.

Inventory:

Hand Weapons
 b - a +0 dagger of venom (weapon)
Armour
 o - a +0 pair of boots (worn)
Jewellery
 c - a ring of flight (left hand)
Wands
 n - a wand of mindburst (8)
Scrolls
 d - 2 scrolls of enchant weapon {unknown}
 f - 3 scrolls of poison {unknown}
 h - a scroll of blinking {unknown}
 i - 2 scrolls of immolation {unknown}
 k - a scroll of silence {unknown}
 l - a scroll of fear {unknown}
 m - a scroll of noise {unknown}
 p - a scroll of magic mapping {unknown}
 r - a scroll of enchant armour {unknown}
 u - a scroll of butterflies {unknown}
Potions
 a - 2 potions of magic
 e - a potion of heal wounds
 g - 2 potions of brilliance {unknown}
 j - 2 potions of ambrosia {unknown}
 q - a potion of mutation {unknown}
 s - a potion of attraction {unknown}
 t - 3 potions of curing {unknown}


   Skills:
 + Level 3.8 Dodging
 - Level 1.7 Stealth
 + Level 4.0 Spellcasting
 * Level 6.8 Summonings


You had 5 spell levels left.
You knew the following spells:

 Your Spells              Type           Power      Damage    Failure   Level
a - Summon Small Mammal   Summ           100%       N/A       1%          1
b - Call Imp              Summ           26%        N/A       1%          2
c - Summon Guardian Gole  Hex/Summ       15%        N/A       12%         3
d - Call Canine Familiar  Summ           26%        N/A       2%          3

Your spell library contained the following spells:

 Spells                   Type           Power      Damage    Failure   Level
 Sandblast                Erth           6%         2d5       16%         1
 Sting                    Tmut/Pois      12%        1d3       16%         1
 Passwall                 Tmut/Erth      2%         N/A       24%         2
 Poisonous Vapours        Pois/Air       6%         N/A       24%         2
 Summon Lightning Spire   Summ/Air       15%        N/A       36%         4
 Ozocubu's Armour         Ice            3%         N/A       43%         3
 Stone Arrow              Conj/Erth      6%         3d7       43%         3
 Olgreb's Toxic Radiance  Pois           3%         N/A       83%         4
 Ozocubu's Refrigeration  Ice            1%         4d7       100%        7


Dungeon Overview and Level Annotations

Branches:
Dungeon (6/15)
 Temple: D:4-7

Altars:
Trog

Annotations:
D:6 Dowan, Duvessa


Innate Abilities, Weirdness & Mutations

You can breathe wild blasts of lightning.
Your glossy black scales are hard. (AC +6)
You cannot fit into any form of body armour.
You are resistant to electric shocks. (rElec)
You are cold-blooded and may be slowed by cold attacks.


Message History

Your hound barely misses the gnoll bouda.
The gnoll hits you from afar with a +3 halberd.
The gnoll misses you. The gnoll bouda closely misses you.
Your guardian golem overheats!
Your hound bites the gnoll bouda but does no damage.
The gnoll hits your hound with a +0 club!
Flame seeps out of your guardian golem.
You hit the gnoll bouda.
The gnoll bouda is poisoned.
The gnoll bouda is lightly wounded.
The gnoll closely misses you. The gnoll hits you with a +0 whip.
The gnoll bouda calls upon its god to heal the gnoll.
The gnoll's wounds heal themselves!
Your hound barely misses the gnoll.
Your guardian golem is engulfed in blazing flames.
Flame seeps out of your guardian golem. The gnoll closely misses your hound.
You hit the gnoll bouda but do no damage.
The gnoll bouda looks as sick as possible!
The gnoll bouda is moderately wounded.
Your hound bites the gnoll.
The gnoll misses you. The gnoll barely misses you.
The gnoll bouda hits you but does no damage.
The gnoll hits your hound with a +0 club.
Flame seeps out of your guardian golem.
Your hound closely misses the gnoll.
Your guardian golem is engulfed in blazing flames.
Flame seeps out of your guardian golem.
Your crimson imp barely misses the gnoll.
You hit the gnoll bouda.
The gnoll bouda is heavily wounded.
The gnoll barely misses you. The gnoll hits you but does no damage.
The gnoll bouda hits you with a +0 whip of electrocution!
* * * LOW HITPOINT WARNING * * *
Your hound bites the gnoll.
Your crimson imp blinks!
The gnoll hits your hound with a +0 club.
Flame seeps out of your guardian golem.
You hit the gnoll bouda.
The gnoll bouda looks as sick as possible!
You tail-slap the gnoll bouda, but do no damage.
The gnoll bouda is heavily wounded.
Your hound bites the gnoll but does no damage.
The gnoll hits you from afar with a +3 halberd!
You die...

....### ##..####
..... .#### ########
#......###... ##
###......###....
...#...##
##........##..5#
.....#..
##.........#...#
#....<.
######..........#?.##
#.....
.....#..........9gg#
###?....
...............ggh##
#..>..<.
#####...........@##
#........ ##
#............#
#....!.... .##
##...........#
#......... ..##
##......###..
#.......... ...##
###..### #..#
#........... ....##
#### ##..
............ .....##
.. ............
......# ..# .<[..##


You could see a gnoll bouda (extremely poisoned), 3 gnolls, a friendly guardian
golem (summoned, inner flame), a friendly hound (summoned, sheltered) and a
friendly crimson imp (summoned, sheltered).

Vanquished Creatures
  A scorpion (D:4)
  2 hounds
  An orc priest (D:3)
  A jelly (D:5)
  2 gnolls (D:4)
  2 adders
  A shadow imp (D:5)
  2 worms
  2 dart slugs
  5 orcs
  4 ball pythons
  5 endoplasms
  A giant cockroach (D:3)
  3 goblins (D:3)
  6 hobgoblins
  3 jackals (D:1)
  7 kobolds
  2 quokkas
  2 bats
  3 frilled lizards
  4 rats
59 creatures vanquished.

Vanquished Creatures (collateral kills)
  A gnoll sergeant (D:4)
  A jelly (D:4)
  A hound (D:3)
  An orc priest (D:4)
  An adder (D:4)
  3 gnolls (D:4)
  A worm (D:2)
  3 orcs
  A ball python (D:2)
  An endoplasm (D:1)
  A giant cockroach (D:1)
  2 goblins
  2 kobolds
  A quokka (D:4)
  A frilled lizard (D:3)
  A rat (D:1)
22 creatures vanquished.

Vanquished Creatures (others)
  2 scorpions
2 creatures vanquished.

Grand Total: 83 creatures vanquished

Notes
Turn   | Place    | Note
-------+----------+-------------------------------------------
     0 | D:1      | sanboga the Draconian Summoner began the quest for the Orb.
     0 | D:1      | Reached XP level 1. HP: 14/14 MP: 3/3
   243 | D:1      | Reached XP level 2. HP: 20/20 MP: 5/5
   462 | D:1      | Learned a level 2 spell: Call Imp
   813 | D:2      | Found a faded altar of an unknown god.
   870 | D:2      | Reached XP level 3. HP: 22/26 MP: 1/6
  1687 | D:3      | You are sucked into a shaft and drop 3 floors!
  1692 | D:6      | Learned a level 3 spell: Summon Guardian Golem
  1702 | D:6      | Noticed Dowan
  1703 | D:6      | Noticed Duvessa
  1706 | D:5      | Entered Level 5 of the Dungeon
  1777 | D:4      | Reached skill level 5 in Summonings
  1777 | D:4      | Reached XP level 4. HP: 18/33 MP: 5/8
  1944 | D:4      | Noticed a gnoll sergeant
  1964 | D:4      | Killed a gnoll sergeant
  1965 | D:4      | Reached XP level 5. HP: 33/38 MP: 5/9
  2199 | D:4      | Found a bloodstained altar of Trog.
  2556 | D:3      | Reached skill level 6 in Summonings
  2556 | D:3      | Reached XP level 6. HP: 45/45 MP: 7/11
  3618 | D:4      | Learned a level 3 spell: Call Canine Familiar
  4220 | D:5      | Your scales start taking on a glossy black colour.
  4220 | D:5      | Reached XP level 7. HP: 26/50 MP: 7/12
  4220 | D:5      | Gained mutation: You are resistant to electric shocks.
                  | (rElec) [Black Draconian growth]
  4578 | D:5      | Slain by a gnoll

Illustrated notes

Levels and vault maps discovered:
D:1:      beargit_arrival_diablo_church, layout_basic, serial_glass,
          glass_columns_c, glass_columns_a, glass_columns_a, glass_columns_a,
          glass_columns_c, glass_columns_c, glass_columns_a, glass_columns_b,
          glass_columns_b, glass_columns_a, glass_columns_b, glass_columns_b,
          glass_columns_b, glass_columns_b
D:2:      layout_basic, chequers_ecumenical_altar_island
D:3:      layout_basic, minivault_27
D:4:      layout_loops_ring, mainiacjoe_overflow_surrounded_room,
          kennysheep_generic_room_6
D:5:      layout_cave_pods, temple_statues, serial_shops,
          nicolae_shop_bloodbath_and_beyond, minmay_holes
D:6:      layout_loops_ring, hangedman_decor_lopped, minmay_misc_feat_doors,
          uniq_duvessa

Skill      XL: |  1  2  3  4  5  6  7 |
---------------+----------------------+-----
Dodging        | 2 3 |  3.8
Summonings     | 5 6 |  6.8
Spellcasting   | 3 4 |  4.0
Stealth        | |  1.7

Action                   |  1- 3 |  4- 6 |  7- 9 || total
-------------------------+-------+-------+-------++-------
Melee: Unarmed           |    12 |       |       ||    12
       Dagger            |    87 |   100 |    15 ||   202
       Tailslap          |    11 |    18 |     2 ||    31
       Punch             |     2 |     1 |       ||     3
 Cast: Summon Small Mamm |     4 |     6 |       ||    10
       Call Imp          |     7 |    10 |     1 ||    18
       Summon Guardian G |       |     2 |     2 ||     4
       Call Canine Famil |       |     1 |     3 ||     4
  Use: Potion            |       |     1 |       ||     1
 Stab: Sleeping          |     4 |     1 |       ||     5
Armor: Skin              |    29 |    52 |     5 ||    86
Dodge: Dodged            |    58 |    84 |    18 ||   160
